General information
- name: BNet
- type: Ladder 1vs1/FFA
- host: Battle.net
- saver: intcrodlgtr
map: LostTemple
- players: 2
- length: 137:12
- speed: Fast
- version: 1.26 W3XP
- replay type: Public
» download(290 KB)
Players
team 1 (loser)

»
jacm (
blue | 19 APM | 2342 actions | 122:41)
5 Blademaster
1 Wind Walk
3 Critical Strike
1 Mirror Image
4 Shadow Hunter
1 Hex
2 Healing Wave
1 Serpent Ward
» actions
| Basic commands | 11 | |
| Build / train | 177 | |
| ESC pressed | 2 | |
| Enter build submenu | 84 | |
| Enter hero's abilities submenu | 9 | |
| Give item / drop item | 7 | |
| Remove unit from queue | 8 | |
| Right click | 666 | |
| Select / deselect | 1147 | |
| Use ability | 230 | |
2342 total
» units
| Peon | 31 | |
| Grunt | 10 | |
| Troll Witch Doctor | 12 | |
| Shaman | 8 | |
| Wind Rider | 14 | |
| Tauren | 5 | |
| Troll Batrider | 19 | |
| Raider | 7 | |
| Kodo Beast | 2 | |
| Spirit Walker | 1 | |
109 total
» upgrades
| Spiked Barricades | 3 | |
| Pillage | 1 | |
| Backpack | 1 | |
| Armor | 3 | |
| Melee Weapons | 3 | |
| Berserker Strength | 1 | |
| Ranged Weapons | 3 | |
| Witch Doctor Training | 2 | |
| Shaman Training | 2 | |
| Envenomed Spears | 1 | |
| Reinforced Defenses | 1 | |
| Pulverize | 1 | |
| Liquid Fire | 1 | |
| Ensnare | 1 | |
| War Drums Damage Increase | 1 | |
| Spirit Walker Training | 2 | |
27 total
» buildings
| Altar of Storms | 2 | |
| Orc Burrow | 11 | |
| Barracks | 1 | |
| Voodoo Lounge | 1 | |
| War Mill | 1 | |
| Watch Tower | 51 | |
| Stronghold | 1 | |
| Great Hall | 2 | |
| Spirit Lodge | 3 | |
| Fortress | 1 | |
| Beastiary | 1 | |
| Tauren Totem | 1 | |
76 total
» build order
00:06 Altar of Storms
00:09 Orc Burrow
00:13 Barracks
02:17 Orc Burrow
02:26 Voodoo Lounge
02:57 War Mill
04:31 Watch Tower
04:48 Orc Burrow
06:01 Stronghold
06:31 Watch Tower
07:46 Great Hall
08:06 Orc Burrow
09:20 Spirit Lodge
10:02 Spirit Lodge
10:19 Fortress
11:24 Spirit Lodge
12:16 Great Hall
15:03 Beastiary
16:10 Orc Burrow
16:14 Orc Burrow
16:19 Watch Tower
18:23 Watch Tower
18:28 Watch Tower
18:32 Watch Tower
20:26 Orc Burrow
20:34 Orc Burrow
26:31 Watch Tower
26:37 Watch Tower
27:28 Watch Tower
27:38 Watch Tower
28:54 Watch Tower
29:10 Watch Tower
29:18 Watch Tower
36:26 Tauren Totem
45:47 Watch Tower
45:53 Watch Tower
46:03 Watch Tower
46:20 Watch Tower
46:38 Watch Tower
46:53 Watch Tower
47:06 Watch Tower
47:20 Watch Tower
55:26 Watch Tower
55:30 Watch Tower
56:07 Watch Tower
56:12 Watch Tower
56:39 Watch Tower
56:43 Watch Tower
65:41 Watch Tower
65:46 Watch Tower
65:50 Watch Tower
66:54 Watch Tower
67:00 Watch Tower
67:27 Watch Tower
67:32 Watch Tower
68:43 Watch Tower
68:47 Watch Tower
70:55 Watch Tower
71:00 Watch Tower
72:45 Watch Tower
72:57 Watch Tower
73:04 Watch Tower
73:11 Watch Tower
73:59 Watch Tower
74:55 Orc Burrow
75:06 Orc Burrow
75:16 Watch Tower
76:27 Watch Tower
77:09 Watch Tower
77:52 Watch Tower
77:55 Watch Tower
78:18 Watch Tower
78:32 Watch Tower
78:43 Watch Tower
107:54 Orc Burrow
112:52 Altar of Storms
» items
| Healing Salve | 3 | |
| Scroll of Speed | 3 | |
| Orb of Lightning | 2 | |
| Tiny Great Hall | 4 | |
| Potion of Mana | 2 | |
| Potion of Healing | 4 | |
| Scroll of Town Portal | 2 | |
20 total
team 2 (winner)
intcrodlgtr (
yellow | 38 APM | 5173 actions | 137:12)
8 Blademaster
3 Wind Walk
3 Critical Strike
1 Bladestorm
1 Mirror Image
7 Tauren Chieftain
3 Endurance Aura
3 Shockwave
1 Reincarnation
» actions
| Assign group hotkey | 110 | |
| Basic commands | 495 | |
| Build / train | 154 | |
| ESC pressed | 15 | |
| Enter build submenu | 225 | |
| Enter hero's abilities submenu | 16 | |
| Give item / drop item | 21 | |
| Remove unit from queue | 2 | |
| Right click | 1639 | |
| Select / deselect | 1324 | |
| Select group hotkey | 489 | |
| Use ability | 682 | |
5173 total
» units
| Peon | 28 | |
| Wind Rider | 6 | |
| Goblin Shredder | 2 | |
| Goblin Zeppelin | 5 | |
| Troll Witch Doctor | 1 | |
| Troll Batrider | 23 | |
| Raider | 7 | |
| Kodo Beast | 2 | |
| Troll Headhunter/Berserker | 2 | |
| Demolisher | 3 | |
79 total
» upgrades
| Ranged Weapons | 3 | |
| Reinforced Defenses | 2 | |
| Envenomed Spears | 1 | |
| Witch Doctor Training | 2 | |
| Liquid Fire | 1 | |
| Pillage | 1 | |
| Ensnare | 1 | |
| Troll Regeneration | 1 | |
| Shaman Training | 1 | |
| Spirit Walker Training | 1 | |
| Armor | 3 | |
| Burning Oil | 2 | |
| Spiked Barricades | 3 | |
| Melee Weapons | 2 | |
24 total
» buildings
| Altar of Storms | 2 | |
| Orc Burrow | 14 | |
| War Mill | 2 | |
| Voodoo Lounge | 5 | |
| Watch Tower | 278 | |
| Great Hall | 4 | |
| Stronghold | 5 | |
| Beastiary | 9 | |
| Fortress | 2 | |
| Spirit Lodge | 1 | |
| Barracks | 3 | |
325 total
» build order
00:05 Altar of Storms
00:20 Orc Burrow
00:52 War Mill
01:05 Voodoo Lounge
02:28 Orc Burrow
02:34 Watch Tower
02:36 Watch Tower
02:51 Watch Tower
02:52 Watch Tower
03:35 Watch Tower
03:35 Watch Tower
03:54 Watch Tower
03:57 Watch Tower
04:11 Watch Tower
04:33 Watch Tower
04:49 Watch Tower
04:56 Watch Tower
05:06 Watch Tower
05:10 Watch Tower
05:29 Watch Tower
05:30 Watch Tower
05:53 Watch Tower
06:03 Great Hall
06:14 Watch Tower
06:25 Watch Tower
06:44 Watch Tower
07:11 Stronghold
07:11 Stronghold
08:01 Orc Burrow
08:11 Watch Tower
08:13 Watch Tower
09:01 Watch Tower
09:34 Beastiary
09:35 Beastiary
09:36 Beastiary
10:09 Watch Tower
10:10 Watch Tower
12:54 Watch Tower
12:56 Watch Tower
13:40 Watch Tower
13:41 Watch Tower
13:42 Fortress
14:20 Watch Tower
14:21 Watch Tower
14:24 Watch Tower
14:28 Watch Tower
15:17 Watch Tower
15:18 Watch Tower
15:20 Watch Tower
15:21 Watch Tower
15:23 Watch Tower
15:35 Spirit Lodge
15:41 Watch Tower
15:43 Watch Tower
17:20 Orc Burrow
18:35 Watch Tower
18:36 Watch Tower
18:38 Watch Tower
18:39 Watch Tower
18:41 Watch Tower
18:42 Watch Tower
18:44 Watch Tower
18:49 Watch Tower
18:50 Watch Tower
18:51 Watch Tower
18:52 Watch Tower
20:40 Watch Tower
20:42 Watch Tower
20:56 Watch Tower
20:57 Watch Tower
20:59 Watch Tower
21:00 Watch Tower
21:03 Great Hall
22:46 Watch Tower
22:50 Watch Tower
22:51 Watch Tower
22:55 Watch Tower
22:59 Watch Tower
31:30 Watch Tower
31:32 Watch Tower
31:33 Watch Tower
31:34 Watch Tower
31:36 Watch Tower
31:36 Watch Tower
31:38 Watch Tower
31:39 Watch Tower
32:26 Voodoo Lounge
32:45 Great Hall
32:48 Watch Tower
32:48 Watch Tower
33:40 Watch Tower
33:46 Orc Burrow
34:12 Watch Tower
36:59 Watch Tower
36:59 Watch Tower
43:35 Watch Tower
43:36 Watch Tower
43:37 Watch Tower
43:40 Watch Tower
43:42 Watch Tower
43:43 Watch Tower
43:53 Watch Tower
43:54 Watch Tower
44:23 Watch Tower
44:23 Watch Tower
44:48 Watch Tower
44:49 Watch Tower
44:53 Watch Tower
44:53 Watch Tower
44:55 Watch Tower
44:57 Watch Tower
44:58 Watch Tower
44:59 Watch Tower
46:05 Watch Tower
46:09 Watch Tower
46:37 Barracks
46:51 Watch Tower
46:59 Watch Tower
47:01 Watch Tower
47:06 Watch Tower
47:09 Watch Tower
47:12 Watch Tower
47:23 Watch Tower
47:23 Watch Tower
47:24 Watch Tower
47:25 Watch Tower
47:26 Watch Tower
47:27 Watch Tower
47:28 Watch Tower
47:29 Watch Tower
47:30 Watch Tower
47:32 Watch Tower
47:33 Watch Tower
47:34 Watch Tower
47:35 Watch Tower
47:39 Watch Tower
47:39 Watch Tower
47:57 Stronghold
48:01 Watch Tower
48:03 Watch Tower
48:06 Watch Tower
48:09 Watch Tower
48:15 Watch Tower
48:20 Watch Tower
48:24 Watch Tower
49:23 Watch Tower
49:24 Watch Tower
49:43 Watch Tower
50:13 Voodoo Lounge
50:18 Fortress
50:24 Watch Tower
50:30 Watch Tower
51:31 Beastiary
51:37 Beastiary
51:42 Beastiary
51:48 Orc Burrow
52:21 Watch Tower
52:22 Watch Tower
52:25 Watch Tower
52:27 Watch Tower
52:37 Watch Tower
52:37 Watch Tower
52:39 Watch Tower
52:41 Watch Tower
52:42 Watch Tower
52:43 Watch Tower
52:44 Watch Tower
52:53 Watch Tower
52:57 Watch Tower
52:58 Watch Tower
53:05 Orc Burrow
53:07 Orc Burrow
53:15 Watch Tower
53:16 Watch Tower
54:03 Orc Burrow
54:06 Orc Burrow
54:17 Orc Burrow
54:21 Orc Burrow
54:25 Altar of Storms
54:38 Watch Tower
54:40 Watch Tower
54:41 Watch Tower
56:37 Watch Tower
56:38 Watch Tower
56:40 Watch Tower
56:49 Watch Tower
56:50 Watch Tower
56:53 Watch Tower
56:58 Watch Tower
56:59 Watch Tower
57:05 Watch Tower
57:06 Watch Tower
57:11 Watch Tower
57:14 Watch Tower
58:35 Great Hall
58:42 Watch Tower
58:43 Watch Tower
58:43 Watch Tower
58:44 Watch Tower
58:45 Watch Tower
58:46 Watch Tower
58:46 Watch Tower
58:48 Watch Tower
58:49 Watch Tower
58:50 Watch Tower
58:51 Watch Tower
58:51 Watch Tower
58:52 Watch Tower
58:53 Watch Tower
58:55 Watch Tower
58:55 Watch Tower
59:12 Watch Tower
59:14 Watch Tower
59:30 Watch Tower
59:31 Watch Tower
62:30 Watch Tower
62:37 Watch Tower
62:42 Watch Tower
62:47 Watch Tower
63:07 Watch Tower
65:56 Watch Tower
66:10 War Mill
66:13 Orc Burrow
67:12 Watch Tower
67:14 Watch Tower
84:23 Watch Tower
84:24 Watch Tower
84:26 Watch Tower
84:28 Watch Tower
84:31 Watch Tower
84:32 Watch Tower
84:34 Watch Tower
84:38 Beastiary
84:43 Beastiary
85:42 Watch Tower
85:43 Watch Tower
85:44 Watch Tower
85:46 Watch Tower
85:47 Watch Tower
85:49 Watch Tower
88:12 Orc Burrow
89:43 Beastiary
89:53 Watch Tower
89:54 Watch Tower
89:55 Watch Tower
89:57 Watch Tower
90:01 Watch Tower
90:04 Watch Tower
90:09 Watch Tower
91:57 Watch Tower
91:57 Watch Tower
91:59 Watch Tower
92:00 Watch Tower
92:02 Watch Tower
92:03 Watch Tower
92:08 Watch Tower
92:09 Watch Tower
92:10 Watch Tower
92:11 Watch Tower
92:19 Watch Tower
92:20 Watch Tower
94:45 Watch Tower
94:47 Watch Tower
94:48 Watch Tower
94:49 Watch Tower
94:50 Watch Tower
94:51 Watch Tower
94:53 Watch Tower
94:53 Watch Tower
94:54 Watch Tower
94:55 Watch Tower
94:56 Watch Tower
94:57 Watch Tower
95:03 Watch Tower
95:04 Watch Tower
95:05 Watch Tower
95:06 Watch Tower
95:07 Watch Tower
95:08 Watch Tower
95:09 Watch Tower
95:10 Watch Tower
103:19 Watch Tower
103:19 Watch Tower
103:22 Watch Tower
103:22 Watch Tower
103:24 Watch Tower
103:25 Watch Tower
103:29 Watch Tower
103:30 Watch Tower
103:33 Watch Tower
103:33 Watch Tower
103:35 Watch Tower
103:36 Watch Tower
103:40 Watch Tower
103:40 Watch Tower
103:42 Watch Tower
103:43 Watch Tower
105:31 Watch Tower
105:31 Watch Tower
105:35 Watch Tower
105:36 Watch Tower
105:41 Watch Tower
105:42 Watch Tower
105:48 Barracks
105:49 Barracks
106:14 Watch Tower
107:21 Voodoo Lounge
107:39 Voodoo Lounge
107:41 Watch Tower
107:42 Watch Tower
107:44 Watch Tower
107:45 Watch Tower
107:50 Watch Tower
107:51 Watch Tower
107:54 Watch Tower
109:39 Watch Tower
109:39 Watch Tower
109:41 Watch Tower
109:42 Watch Tower
109:47 Watch Tower
109:49 Watch Tower
109:51 Watch Tower
109:52 Watch Tower
» items
| Lesser Clarity Potion | 5 | |
| Healing Salve | 3 | |
| Boots of Speed | 2 | |
| Staff of Teleportation | 2 | |
| Potion of Healing | 2 | |
| Periapt of Vitality | 1 | |
| Orb of Lightning | 2 | |
| Tiny Great Hall | 2 | |
| Scroll of Speed | 3 | |
| Potion of Lesser Invulnerability | 2 | |
| Scroll of Town Portal | 1 | |
25 total
Chat log
(83:47 / All) intcrodlgtr: gj
(84:01 / All) intcrodlgtr: games about an hour in and you killed 4 towers
(84:06 / All) intcrodlgtr: you get a gold star for effort
(85:27 / All) intcrodlgtr: do you realize i never had an army this entire game?
(85:36 / All) intcrodlgtr: how does that make you feel?
(87:21 / All) intcrodlgtr: why areyou still here
(87:23 / All) intcrodlgtr: youll never win
(90:20 / All) intcrodlgtr: baaaaaaaaad idea
(91:11 / All) intcrodlgtr: boom
(91:21 / All) intcrodlgtr: you should just leave
(91:30 / All) intcrodlgtr: save yourself the trouble of being humiliated for hours
(92:54 / All) intcrodlgtr: how much gold do you have left now that the mines are empty
(92:57 / All) intcrodlgtr: i have 40,548
(93:06 / All) intcrodlgtr: were you smart and kept your upkeep low?
(93:15 / All) intcrodlgtr: i doubt it
(93:32 / All) intcrodlgtr: ive been typing up a proposal while playing but you seem to be trying really hard
(95:34 / All) intcrodlgtr: are you ever going to attack?
(95:36 / All) intcrodlgtr: youre the one with the huge army
(95:49 / All) intcrodlgtr: my raiders just paid for themselves thanks to pillage
(96:35 / All) intcrodlgtr: and theres another 200 gold
(96:58 / All) intcrodlgtr: if your plan is to turtle with a large army, its a REALLY bad idea
(96:59 / All) intcrodlgtr: just fyi
(97:33 / All) jacm: i don't speak english very well
(97:39 / All) intcrodlgtr: from?
(97:45 / All) jacm: i speak apanish
(97:49 / All) intcrodlgtr: salite
(98:15 / All) intcrodlgtr: quita
(98:20 / All) jacm: the truevi dont like the individual battle
(98:29 / All) intcrodlgtr: desinstala el juego
(98:38 / All) jacm: i like 4 vs 4
(98:42 / All) intcrodlgtr: alt-q-q
(98:46 / All) intcrodlgtr: adios
(98:52 / All) jacm: is more funny
(99:04 / All) intcrodlgtr: no tienes habilidad
(99:16 / All) intcrodlgtr: deja
(99:19 / All) jacm: come on attack me
(99:25 / All) intcrodlgtr: youre the one with the huge army
(99:30 / All) intcrodlgtr: i let you have all the gold mines
(99:32 / All) jacm: jajajajaja
(99:57 / All) intcrodlgtr: why would i attack you? clearly i want a long game because i let you have the map
(99:59 / All) jacm: well is your problem, if yo win me atacck me
(100:10 / All) intcrodlgtr: that made no sense
(100:22 / All) intcrodlgtr: i dont want to win i just want to laugh when you leave the game
(101:09 / All) intcrodlgtr: oh my god
(101:14 / All) intcrodlgtr: you dont even have a demolisher
(101:18 / All) intcrodlgtr: how much money do you have?
(101:27 / All) jacm: 40000
(101:33 / All) intcrodlgtr: i think youre lying
(101:39 / All) intcrodlgtr: you were in upkeep all this game
(101:43 / All) intcrodlgtr: why do you lie to me?
(102:11 / All) intcrodlgtr: every time you tell a lie, God kills a child in africa
(102:24 / All) intcrodlgtr: how do you feel about that?
(103:51 / All) intcrodlgtr: i see why you like 4 vs 4 so your teammates will carry you to victory
(103:59 / All) intcrodlgtr: your team record is 110-145
(104:02 / All) intcrodlgtr: thats horrible
(104:13 / All) intcrodlgtr: you should win at least half your games just due to backstabbing
(104:34 / All) jacm: for me is not important the record
(104:43 / All) intcrodlgtr: of course it isnt since youre terrible
(105:09 / All) jacm: solo me gusta divertirme
(105:20 / All) intcrodlgtr: how is losing fun for you?
(105:40 / All) jacm: i like the batlles
(105:51 / All) intcrodlgtr: but you dont do anything
(106:42 / All) jacm: you like your money in towers
(106:55 / All) intcrodlgtr: thats why i had 5 gold mines with 50 food
(108:27 / All) intcrodlgtr: so bored
(109:07 / All) intcrodlgtr: you know for someone who talks shit about towers
(109:10 / All) intcrodlgtr: you made a lot of towers
(109:16 / All) intcrodlgtr: you just made them poorly
(110:23 / All) intcrodlgtr: really? lol
(110:49 / All) intcrodlgtr: i like how you dont know how to counter healing wards
(111:05 / All) intcrodlgtr: you clearly play against bad players
(111:07 / All) intcrodlgtr: and lose to them
(113:35 / All) intcrodlgtr: what a horrible tp
(113:43 / All) intcrodlgtr: here ill feed your heroes
(114:23 / All) intcrodlgtr: there now you have everything you need to win the game if you can figure it out
(114:36 / All) intcrodlgtr: heres some more free exp
(115:23 / All) intcrodlgtr: there now you should be able to win easily
(115:28 / All) intcrodlgtr: ill wait to see if you figure it out
(116:49 / All) intcrodlgtr: are you a mexican?
(117:03 / All) jacm: no peruvian
(117:07 / All) intcrodlgtr: even worse
(117:24 / All) intcrodlgtr: the prostitutes are all dirty and the other women are worse
(117:39 / All) intcrodlgtr: and those fucking flute bands dont get me started
(117:41 / All) jacm: jajajaja
(118:15 / All) jacm: im very worried
(118:29 / All) intcrodlgtr: i fed my entire army to you
(118:30 / All) intcrodlgtr: for free
(118:37 / All) intcrodlgtr: i was generous
(118:47 / All) intcrodlgtr: i could have easily won
(119:24 / All) intcrodlgtr: podi ganar facilimente
(120:01 / All) intcrodlgtr: you have everything you need to win this game
(120:04 / All) intcrodlgtr: if you can figure it out
(120:07 / All) jacm: im bored
(120:13 / All) intcrodlgtr: i wont defend
(120:16 / All) jacm: you win
(120:23 / All) intcrodlgtr: i won a long time ago if i wanted to
(120:35 / All) intcrodlgtr: leave. noob.
(120:40 / All) jacm: sabes xq ya no hay batallas 4 vs 4
(120:50 / All) intcrodlgtr: you suck at 4 vs 4
(120:54 / All) jacm: o ya nadie juega esto
(121:08 / All) intcrodlgtr: nobody plays 4 vs 4 because its full of retards like you
(121:26 / All) jacm: oh bueno
(121:35 / All) jacm: a mi no me gusta el dota
(121:50 / All) jacm: prefiero este juego
(122:08 / All) jacm: me voy a jugar pelota mejor
(122:15 / All) jacm: ablamos